 Dungeon Crawl Stone Soup version 0.28-a0-883-gc8d7bad45d (webtiles) character file.

Game seed: 8415830085204238584

154 mcbry74 the Skirmisher (level 5, -5/52 HPs)
             Began as a Hill Orc Fighter on Nov 21, 2021.
             Was a Believer of Wu Jian.
             Killed by nerve-wracking pain
             ... invoked by Grinder
              (14 damage)
             ... on level 4 of the Dungeon.
             The game lasted 00:09:46 (2984 turns).

mcbry74 the Skirmisher (Hill Orc Fighter)           Turns: 2984, Time: 00:09:47

Health: -5/52      AC:  6    Str: 19    XL:     5   Next: 35%
Magic:  5/5        EV:  9    Int:  9    God:    Wu Jian [**....]
Gold:   113        SH:  4    Dex: 10    Spells: 4/4 levels left

rFire   . . .      SeeInvis .   a - +0 war axe
rCold   . . .      Faith    .   c - +0 buckler
rNeg    . . .      Spirit   .   b - +0 scale mail
rPois   .          Reflect  .   (no helmet)
rElec   .          Harm     .   (no cloak)
rCorr   .          Rampage  .   (no gloves)
Will    .....                   (no boots)
Stlth   ..........              (no amulet)
HPRegen 0.17/turn               (no ring)
MPRegen 0.09/turn               (no ring)

@: mighty
A: no striking features
a: Renounce Religion, Wall Jump


You were on level 4 of the Dungeon.
You worshipped Wu Jian.
Wu Jian was pleased with you.
You visited 1 branch of the dungeon, and saw 4 of its levels.

You collected 113 gold pieces.

Inventory:

Hand Weapons
 a - a +0 war axe (weapon)
Missiles
 f - a throwing net
 g - 76 stones (quivered)
Armour
 b - a +0 scale mail (worn)
 c - a +0 buckler (worn)
Jewellery
 k - a ring of willpower
 r - a ring of poison resistance
Wands
 s - a wand of polymorph (11)
Scrolls
 e - 2 scrolls of identify {unknown}
 h - 2 scrolls of blinking {unknown}
 j - a scroll of enchant weapon {unknown}
 m - a scroll of amnesia {unknown}
 n - a scroll of immolation {unknown}
 u - a scroll of vulnerability {unknown}
Potions
 d - a potion of might
 i - 2 potions of curing {unknown}
 l - a potion of resistance {unknown}
 o - 2 potions of magic {unknown}
 p - a potion of brilliance {unknown}
 q - a potion of haste {unknown}
 t - a potion of flight {unknown}


   Skills:
 + Level 7.1 Fighting
 - Level 2.6 Axes
 - Level 3.2 Armour
 - Level 3.2 Shields


You had 4 spell levels left.
You didn't know any spells.
Your spell library was empty.

Dungeon Overview and Level Annotations

Branches:
Dungeon (4/15)             Temple (0/1) D:4

Altars:
Wu Jian

Annotations:
D:4 Grinder


Message History

You completely miss Grinder.
Grinder is lightly wounded.
Grinder hits you but does no damage. Grinder hits you!
You writhe in agony.
Aiming: Wall Jump
Press: ? - help, Dir - move target You attack Grinder from above.
You closely miss Grinder.
Grinder is lightly wounded.
Grinder hits you but does no damage. Grinder gestures at you.
You suddenly lose the ability to move!
Grinder hits you. Grinder hits you!
You writhe in agony.
Grinder grins, showing sharp teeth.
Grinder hits you but does no damage. Grinder hits you but does no damage.
Grinder hits you!
* * * LOW HITPOINT WARNING * * *
You writhe in agony.
* * * LOW HITPOINT WARNING * * *
You can move again.
Okay, then.
You feel very mighty all of a sudden.
Grinder blinks!
You lunge at the dart slug.
You slash the dart slug!
You kill the dart slug!
The Council accepts your kill. Grinder gestures at you.
Pain shoots through your body!
* * * LOW HITPOINT WARNING * * *
Grinder says, "Just stop there for a second..."
Grinder blinks!
There is an open door here.
You close the door.
You start resting.
Grinder opens the door.
You slash Grinder!
Grinder is moderately wounded.
Grinder gestures at you. Pain shoots through your body!
You die...

### ##.## ###.#.###
#..###... #.#...###
####### #.#...#
#.....####.#...#
###5###....ยง.##.##
#..@..#.####.##.#
#.....#.# #.##.#
#.....#.# #.##.#
#..>..+.# #.##.
#.....### #.# #
#.....# #.# #
#.....# #.# #
####### # #


You could see Grinder.

Vanquished Creatures
  A centaur skeleton (D:4)
  Ijyb (D:3)
  An adder (D:3)
  2 worms
  A dart slug (D:4)
  3 orcs (D:3)
  7 bats
  9 endoplasms
  2 giant cockroaches (D:3)
  4 goblins
  6 hobgoblins
  9 jackals
  4 quokkas
  5 ball pythons
  5 frilled lizards
  4 kobolds
  10 rats
74 creatures vanquished.

Notes
Turn   | Place    | Note
-------+----------+-------------------------------------------
     0 | D:1      | mcbry74 the Hill Orc Fighter began the quest for the Orb.
     0 | D:1      | Reached XP level 1. HP: 19/19 MP: 1/1
    41 | D:1      | Reached skill level 4 in Fighting
    78 | D:1      | Reached XP level 2. HP: 27/27 MP: 2/2
   613 | D:1      | Reached skill level 5 in Fighting
   613 | D:1      | Reached XP level 3. HP: 36/36 MP: 3/3
   874 | D:1      | Found a faded altar of an unknown god.
   880 | D:1      | Prayed at the altar of an unknown god.
   880 | D:1      | Became a worshipper of the Wu Jian Council
   880 | D:1      | Reached * piety under Wu Jian
  1819 | D:3      | Reached XP level 4. HP: 44/44 MP: 4/4
  1994 | D:3      | Reached ** piety under Wu Jian
  2136 | D:3      | Noticed Ijyb
  2142 | D:3      | Killed Ijyb
  2143 | D:3      | Reached skill level 6 in Fighting
  2637 | D:3      | Reached XP level 5. HP: 51/51 MP: 5/5
  2885 | D:4      | Reached skill level 7 in Fighting
  2952 | D:4      | Found a staircase to the Ecumenical Temple.
  2952 | D:4      | Noticed Grinder
  2960 | D:4      | Paralysed by Grinder for 7 turns
  2984 | D:4      | Killed from afar by Grinder

Illustrated notes

Levels and vault maps discovered:
D:1:      wander_arrival_chamber, layout_loops_ring,
          ebering_ecumenical_altar_abandoned
D:2:      layout_basic
D:3:      layout_loops_corners, minmay_three_crescents, uniq_ijyb
D:4:      layout_loops_ring, nzn_wu_jian_council_hall, temple_green,
          serial_shops, shop, uniq_grinder, uniq_menkaure

Skill      XL: |  1  2  3  4  5 |
---------------+----------------+-----
Fighting       | 4 5 6 7 |  7.1
Axes           | |  2.6
Armour         | |  3.2
Shields        | |  3.2

Action                   |  1- 3 |  4- 6 || total
-------------------------+-------+-------++-------
Melee: War axe           |   118 |    82 ||   200
Invok: Lunge             |     6 |     7 ||    13
       Whirlwind         |     2 |     5 ||     7
 Abil: Wall Jump         |       |     3 ||     3
  Use: Potion            |       |     1 ||     1
Armor: Scale mail        |    35 |    42 ||    77
Dodge: Dodged            |    51 |    36 ||    87
Block: Buckler           |    28 |    15 ||    43

Table legend: (Time is in decaauts)
 A = Elapsed time spent in this place.
 B = Non-inter-level travel time spent in this place.
 C = Inter-level travel time spent in this place.
 D = Time resting spent in this place.
 E = Time spent auto-exploring this place.
 F = Levels seen in this place.
 G = Mean time per level.
                   A        B        C        D        E       F      G
               +--------+--------+--------+--------+--------+-----+--------+
         Total |   3054 |   2964 |     90 |    390 |   2030 |   4 |  763.5 |
       Dungeon |   3054 |   2964 |     90 |    390 |   2030 |   4 |  763.5 |
               +--------+--------+--------+--------+--------+-----+--------+

Top non-repeatable levels by time:
     D:1: 1162 daAuts
     D:3: 1070 daAuts
     D:2: 639 daAuts
     D:4: 181 daAuts
